Map: Neon Violet Square LE

Players

kauP - Winner!

  • Race: Terran Terran
  • Spawn Location: 11:00

HolyHit

  • Race: Protoss Protoss
  • Spawn Location: 5:00

Event: WCS Leipzig 2018

VOD

Have the link to the VOD?

Description

Time

  • Played on: Jan. 26, 2018, 8:29 a.m.
  • Length: 16:36

All games in this series

Show
View Real Time Build Order
Export as new Build Order

kauP Terran - Winner!

Build Orders: MMM Bio 

Get SALT Encoding   

  12  0:00  SCV  
  13  0:12  SCV  
  14  0:17  Supply Depot  
  14  0:25  SCV  
  15  0:39  SCV  
  15  0:40  Barracks  
  16  0:46  Refinery  
  16  0:51  SCV  
  17  1:01  Barracks  
  17  1:05  SCV  
  18  1:17  SCV  
  19  1:29  Orbital Command  
  19  1:33  Barracks Reactor  
  19  1:34  Supply Depot  
  19  1:48  Barracks Tech Lab  
  19  1:56  SCV  
  20  2:07  Concussive Shells  
  20  2:08  Marauder  
  22  2:09  SCV, Marine  
  22  2:10  Marine  
  22  2:14  Supply Depot  
  25  2:21  SCV  
  26  2:27  Marine  
  26  2:28  Marine  
  26  2:29  Marauder  
  30  2:33  SCV  
  31  2:45  SCV, Marine  
  31  2:46  Marine  
  31  2:50  Marauder  
  36  2:58  SCV  
  36  3:00  Supply Depot  
  36  3:03  Stimpack  
  37  3:09  Marine  
  37  3:10  Marine  
  39  3:22  Command Center  
  39  3:30  Marauder  
  39  3:33  Marine x2  
  42  3:37  SCV  
  43  3:50  Marine  
  43  3:51  Marine, Marauder  
  45  4:02  Factory  
  41  4:08  Barracks, Marine x2  
  41  4:09  Refinery  
  43  4:17  SCV  
  43  4:18  Supply Depot  
  43  4:23  Marauder  
  46  4:30  Marine  
  47  4:34  Marine  
  47  4:35  Engineering Bay  
  47  4:48  SCV  
  47  4:49  Orbital Command  
  48  4:53  Starport  
  48  4:56  Factory Reactor  
  48  5:01  Marine  
  48  5:02  Marine  
  48  5:04  Barracks Tech Lab  
  50  5:07  SCV  
  51  5:15  SCV  
  51  5:17  Refinery  
  51  5:19  SCV, Terran Infantry Weapons Level 1  
  53  5:25  Marine x2  
  53  5:27  SCV  
  56  5:36  SCV  
  56  5:39  SCV  
  54  5:42  Medivac  
  54  5:47  Factory Tech Lab  
  54  5:48  SCV  
  57  5:51  SCV  
  57  5:53  Supply Depot  
  58  5:59  Medivac  
  58  6:00  SCV  
  58  6:01  Supply Depot  
  58  6:03  SCV, Marine  
  63  6:05  Marine  
  62  6:12  SCV, Combat Shields  
  62  6:16  SCV  
  64  6:19  Marauder  
  64  6:21  Marauder  
  64  6:24  SCV  
  69  6:29  SCV  
  70  6:33  Marine x2  
  70  6:37  SCV  
  73  6:47  Marauder x2  
  78  6:51  Marine x2  
  78  6:53  Medivac  
  81  6:55  Command Center, Medivac  
  83  7:13  Marine x2, Marauder  
  83  7:14  Marauder  
  82  7:16  Siege Tank  
  82  7:17  SCV  
  82  7:18  Barracks  
  82  7:20  Barracks  
  86  7:30  Liberator  
  86  7:32  Supply Depot  
  86  7:37  Supply Depot  
  86  7:39  SCV x2, Marauder x2  
  94  7:53  Refinery, SCV  
  94  7:56  Supply Depot  
  95  8:00  Marauder x2  
  95  8:04  Marine  
  95  8:05  Marine  
  97  8:06  SCV x2  
  97  8:07  Orbital Command  
  99  8:13  Barracks Tech Lab, Barracks Reactor  
  99  8:18  SCV x2  
  99  8:19  Terran Infantry Armor Level 1  
  101  8:35  Orbital Command  
  101  8:38  Viking  
  101  8:40  Viking, Starport  
  105  8:41  SCV  
  105  8:42  Refinery  
  105  8:47  Refinery  
  106  8:52  SCV  
  106  8:53  SCV  
  108  8:59  Marauder x2  
  108  9:00  Marauder, Marine x3  
  117  9:08  Viking  
  118  9:24  SCV x3  
  121  9:29  Marine x3, Marauder x3  
  130  9:34  Supply Depot  
  129  9:40  Supply Depot, Viking x2  
  132  9:56  Marauder x2  
  135  10:00  Orbital Command  
  135  10:03  Marauder  
  135  10:05  Viking  
  133  10:17  Marauder x2  
  133  10:20  Engineering Bay  
  134  10:21  Sensor Tower  
  134  10:22  Sensor Tower  
  137  10:35  SCV x2  
  137  10:37  SCV  
  136  10:43  Viking, Starport Tech Lab  
  136  10:44  Viking  
  140  10:51  Refinery x2  
  140  10:54  Fusion Core  
  140  10:55  SCV, Armory  
  140  10:56  SCV  
  142  10:58  Supply Depot  
  142  11:05  Liberator x2  
  142  11:07  SCV, Liberator  
  142  11:08  SCV  
  148  11:11  Supply Depot  
  148  11:16  Supply Depot x2  
  147  11:21  Missile Turret  
  153  11:41  Terran Infantry Weapons Level 2  
  153  11:42  Terran Infantry Armor Level 2  
  153  11:45  Advanced Ballistics  
  153  11:47  Liberator, Terran Ship Weapons Level 1  
  153  11:48  Liberator  
  153  11:49  Liberator  
  153  11:58  Command Center  
  161  12:23  Ghost Academy  
  161  12:25  Marine x3  
  161  12:26  Marine x3  
  166  12:30  Liberator x2  
  147  12:44  Barracks  
  147  12:45  Barracks  
  153  12:54  Refinery  
  153  12:55  Refinery  
  153  12:58  Medivac  
  155  13:00  Moebius Reactor  
  155  13:02  Ghost  
  157  13:08  Marine  
  157  13:11  Liberator  
  157  13:12  Orbital Command  
  158  13:13  Supply Depot, Liberator x2  
  158  13:56  Liberator x2  
  158  13:58  Starport  
  158  14:00  Starport  
  158  14:03  Starport, Ghost  
  158  14:04  Ghost  
  158  14:07  Marine x2  
  164  14:11  Medivac  
  164  14:15  Ghost  
  174  14:24  Liberator  
  174  14:26  Command Center  
  174  14:35  Liberator  
  174  14:38  Liberator  
  174  14:44  Ghost  
  185  15:01  Liberator x2  
  185  15:15  Nuke  
  191  15:35  Liberator  
  191  15:36  Liberator  
  188  15:43  Command Center  
  188  15:48  Command Center  
  188  15:56  Ghost  
  181  16:09  Marauder x2  
Show
View Real Time Build Order
Export as new Build Order

HolyHit Protoss 

Build Orders: 1 Gate Expand 

Get SALT Encoding   

  12  0:00  Probe  
  13  0:13  Probe  
  14  0:18  Pylon  
  14  0:25  Probe (Chrono Boost)  
  15  0:37  Probe (Chrono Boost)  
  15  0:38  Gateway  
  16  0:45  Probe (Chrono Boost)  
  16  0:47  Assimilator  
  17  0:51  Probe (Chrono Boost)  
  18  1:03  Probe (Chrono Boost)  
  19  1:11  Probe (Chrono Boost)  
  20  1:17  Probe  
  21  1:27  Nexus  
  21  1:38  Cybernetics Core  
  21  1:42  Probe  
  22  1:47  Assimilator  
  22  1:55  Pylon  
  22  2:04  Probe  
  23  2:16  Probe, Adept, Warp Gate  
  26  2:28  Probe (Chrono Boost)  
  26  2:29  Robotics Facility  
  28  2:38  Probe (Chrono Boost)  
  28  2:43  Probe x2 (Chrono Boost)  
  29  2:48  Stalker  
  32  2:53  Probe (Chrono Boost)  
  34  3:02  Probe (Chrono Boost)  
  34  3:03  Probe (Chrono Boost)  
  37  3:16  Shield Battery  
  37  3:18  Stalker, Immortal (Chrono Boost)  
  39  3:27  Pylon  
  39  3:36  Gateway  
  39  3:39  Probe  
  39  3:40  Shield Battery  
  37  3:52  Immortal (Chrono Boost)  
  38  3:58  Probe  
  38  4:01  Probe  
  35  4:11  Probe  
  35  4:14  Probe  
  37  4:19  Stalker  
  37  4:23  Probe (Chrono Boost)  
  41  4:24  Observer  
  42  4:31  Probe (Chrono Boost)  
  42  4:35  Probe (Chrono Boost)  
  42  4:36  Sentry  
  45  4:40  Probe x2 (Chrono Boost)  
  47  4:48  Twilight Council  
  47  4:49  Probe  
  47  4:50  Observer  
  47  4:52  Sentry  
  50  4:55  Probe (Chrono Boost)  
  51  5:01  Probe (Chrono Boost), Pylon  
  53  5:10  Probe x2 (Chrono Boost)  
  54  5:21  Probe  
  54  5:22  Probe  
  54  5:24  Forge  
  54  5:25  Blink (Chrono Boost)  
  54  5:27  Forge  
  56  5:34  Probe  
  57  5:35  Pylon  
  57  5:36  Sentry  
  57  5:38  Probe  
  60  5:44  Pylon  
  60  5:46  Stalker  
  62  5:57  Pylon  
  61  6:01  Stalker  
  63  6:06  Probe x2  
  63  6:08  Assimilator  
  65  6:12  Assimilator  
  65  6:14  Observer, Pylon  
  65  6:21  Probe, Pylon  
  66  6:26  Probe  
  69  6:33  Probe  
  69  6:37  Stalker  
  69  6:39  Protoss Ground Weapons Level 1 (Chrono Boost)  
  72  6:41  Pylon  
  72  6:42  Probe  
  72  6:44  Protoss Ground Armor Level 1 (Chrono Boost)  
  73  6:49  Warp Prism  
  73  6:53  Gateway  
  73  6:55  Gateway  
  73  7:00  Stalker x2  
  77  7:06  Pylon  
  77  7:19  Pylon  
  77  7:22  Pylon, Charge (Chrono Boost)  
  77  7:26  Observer, Robotics Bay  
  77  7:36  Gateway  
  77  7:42  Stalker  
  79  7:53  Stalker  
  79  7:56  Nexus  
  81  8:01  Zealot x2  
  81  8:02  Probe  
  86  8:06  Zealot  
  86  8:08  Probe  
  86  8:11  Pylon  
  89  8:14  Probe  
  89  8:18  Colossus (Chrono Boost)  
  90  8:26  Shield Battery  
  96  8:30  Extended Thermal Lance  
  96  8:38  Protoss Ground Armor Level 2 (Chrono Boost)  
  96  8:41  Protoss Ground Weapons Level 2 (Chrono Boost)  
  96  8:42  Probe  
  96  8:43  Probe  
  98  8:51  Photon Cannon  
  98  8:54  Probe  
  99  8:59  Probe  
  99  9:02  Colossus (Chrono Boost)  
  100  9:07  Probe  
  107  9:10  Zealot  
  107  9:12  Zealot  
  107  9:25  Zealot x2  
  111  9:34  Templar Archives, Assimilator  
  111  9:40  Warp Prism (Chrono Boost)  
  113  9:46  Stalker x3  
  113  10:08  Zealot x2  
  113  10:10  Probe  
  113  10:18  Psionic Storm  
  113  10:21  High Templar x3  
  117  10:36  Probe  
  117  10:37  Nexus  
  117  10:39  Assimilator, Pylon  
  117  10:40  Pylon  
  118  10:44  Protoss Ground Weapons Level 3 (Chrono Boost)  
  118  10:57  Zealot  
  118  10:58  Zealot x2  
  124  11:07  Immortal (Chrono Boost)  
  124  11:08  Protoss Ground Armor Level 3 (Chrono Boost)  
  128  11:18  Shield Battery  
  128  11:19  Photon Cannon  
  128  11:23  Stalker  
  130  11:37  Photon Cannon  
  130  11:38  Probe  
  130  11:39  Photon Cannon  
  131  11:41  Probe x2  
  133  11:49  High Templar x3  
  133  11:50  Probe  
  133  11:51  High Templar  
  133  11:53  Probe  
  133  11:54  Archon  
  143  11:55  Archon  
  143  12:01  Immortal  
  147  12:02  Probe  
  147  12:04  Probe  
  149  12:09  Zealot  
  151  12:22  Zealot x3  
  157  12:43  Pylon  
  157  12:45  Pylon  
  157  12:48  Immortal  
  161  13:00  High Templar  
  161  13:03  Pylon  
  161  13:04  High Templar  
  161  13:05  High Templar x3  
  171  13:06  Pylon  
  171  13:08  Pylon  
  171  13:09  Archon  
  171  13:10  Gateway, Archon  
  171  13:11  Gateway  
  171  13:13  Gateway  
  171  13:26  Colossus  
  163  13:37  Stalker x5  
  165  13:51  Protoss Shields Level 1 (Chrono Boost)  
  161  14:11  High Templar x4, Stargate  
  161  14:12  Stalker  
  169  14:20  Immortal  
  173  14:28  Robotics Facility  
  173  14:31  Assimilator  
  173  14:34  Zealot  
  173  14:35  Zealot x2  
  173  14:36  Assimilator  
  173  14:38  Nexus  
  179  14:40  Pylon  
  179  14:49  Pylon  
  179  15:00  Stalker x2  
  179  15:01  Stalker x3  
  179  15:02  Stalker  
  191  15:13  Stargate  
  191  15:18  Observer  
  191  15:20  Fleet Beacon  
  188  15:24  Stalker x2  
  188  15:26  Probe  
  186  15:36  Stalker  
  186  15:41  Stalker  
  189  15:51  Observer  
  189  15:55  Stalker  
  148  16:09  Stalker x3  
  91  16:13  Stalker  
  88  16:22  Stalker x2  
Tags
 
Add a new tag
Caveats
  • Supply blocks, unpowered buildings, or Contaminate may cause inaccurate times.
  • Supply counts are checked every 10 seconds.